AoeStats
← catchchez

Golden Pit

507225248Analyzed
1v1 RM · 17d ago on Sep 17, 2026· 46m 6s· 2 players
Game mode
Random Map
Map size
Tiny (2 player)
Population
200
Speed
Normal
Resources
Standard
Victory
Conquest
Starting age
Dark Age
Ending age
Imperial Age
RankedLock teamsTeams togetherTeam positionsShared explorationLock speedFull tech treeHidden civsTurbo modeCheats
Victory
Defeat
🇮🇳 Vikings · India
706
+17
🇺🇸 Persians · United States
736
-17
catchchez
1:20 Loom
11:44 Feudal Age
12:38 Double-Bit Axe
29:17 Castle Age
40:48 Fletching
GJBrannock
11:17 Feudal Age
12:54 Loom
13:45 Town Watch
13:57 Double-Bit Axe
14:05 Gold Mining
20:57 Castle Age
35:27 Fletching
Connection lost

Rejoining the realm…

Still unreachable

The connection could not be restored.

Session expired

The server has moved on; the page needs a fresh start.